 Seeded DCSS version 0.29.1-15-g9cfb28693d (webtiles) character file.

Game seed: 17936887422911195022 (custom seed)

850 Psyclone the Thaumaturge (level 7, -5/36 HPs)
             Began as a Deep Elf Conjurer on Sept 22, 2023.
             Slain by Prince Ribbit (11 damage)
             ... on level 6 of the Dungeon.
             The game lasted 00:07:07 (5112 turns).

Psyclone the Thaumaturge (Deep Elf Conjurer)        Turns: 5112, Time: 00:07:08

Health: -5/36      AC:  7    Str:  2    XL:     7   Next: 69%
Magic:  14/21      EV: 12    Int: 35    God:
Gold:   170        SH:  0    Dex: 11    Spells: 16/23 levels left

rFire   . . .      SeeInvis .   f - +0 dagger
rCold   + + +      Faith    .   (no shield)
rNeg    . . .      Spirit   .   a - +0 robe
rPois   .          Reflect  .   (no helmet)
rElec   .          Harm     .   h - +0 cloak
rCorr   .          Rampage  .   (no gloves)
Will    .....                   (no boots)
Stlth   ++........              (no amulet)
HPRegen 0.12/turn               i - ring of Xoifex {rC+++ AC+4 Str-2 Int+10 Dex-2}
MPRegen 0.17/turn               (no ring)

@: no status effects
A: no striking features
a: no special abilities


You were on level 6 of the Dungeon.
You visited 1 branch of the dungeon, and saw 6 of its levels.

You collected 170 gold pieces.

Inventory:

Hand Weapons
 f - a +0 dagger (weapon)
Armour
 a - a +0 robe (worn)
 h - a +0 cloak (worn)
Jewellery
 i - the ring of Xoifex (left hand) {rC+++ AC+4 Str-2 Int+10 Dex-2}
   (You found it on level 3 of the Dungeon)

   [ring of protection]

   AC:        It affects your AC (+4).
   Str:       It affects your strength (-2).
   Int:       It affects your intelligence (+10).
   Dex:       It affects your dexterity (-2).
   rC:        It renders you almost immune to cold.
 n - a ring of protection from cold
Scrolls
 c - 2 scrolls of enchant weapon {unknown}
 e - 3 scrolls of blinking {unknown}
 g - 7 scrolls of identify {unknown}
 j - a scroll of enchant armour {unknown}
 k - a scroll of torment {unknown}
 l - 2 scrolls of butterflies {unknown}
 m - 2 scrolls of fear {unknown}
 r - 2 scrolls of teleportation {unknown}
 u - a scroll of summoning {unknown}
 v - 2 scrolls of amnesia {unknown}
 w - a scroll of magic mapping {unknown}
Potions
 b - a potion of magic
 d - 2 potions of flight {unknown}
 o - a potion of berserk rage {unknown}
 p - a potion of haste {unknown}
 q - a potion of heal wounds {unknown}
 s - a potion of might {unknown}
 t - a potion of curing {unknown}


   Skills:
 - Level 2.4 Dodging
 - Level 2.4 Stealth
 + Level 8.6 Spellcasting
 + Level 8.1 Conjurations


You had 16 spell levels left.
You knew the following spells:

 Your Spells              Type           Power      Damage    Failure   Level
a - Magic Dart            Conj           100%       1d8       1%          1
b - Searing Ray           Conj           100%       2d8       1%          2
d - Fulminant Prism       Conj/Hex       21%        3d13      5%          4

Your spell library contained the following spells:

 Spells                   Type           Power      Damage    Failure   Level
 Dazzling Flash           Conj/Hex       86%        N/A       1%          3
 Summon Small Mammal      Summ           60%        N/A       3%          1
 Iskenderun's Mystic Bla  Conj/Tloc      43%        2d10      5%          4
 Call Canine Familiar     Summ           15%        N/A       9%          3
 Summon Guardian Golem    Hex/Summ       15%        N/A       9%          3


Dungeon Overview and Level Annotations

Branches:
Dungeon (6/15) Zot: 26839
 Temple: D:4-7

Altars:
Elyvilon
Trog
Wu Jian
The Shining One

Shops:
D:5 !

Annotations:
D:6 Prince Ribbit


Message History

There is an escape hatch in the floor here.
Prince Ribbit comes into view.
Prince Ribbit croaks.
Prince Ribbit blinks!
There is a stone staircase leading up here.
You hear the slow hiss of a very distant avalanche of sand.
Casting: Searing Ray (safe; 1% risk of failure)
Confirm with . or Enter, or press ? or * to list all spells.
Aiming: Searing Ray (safe; 1% risk of failure)
Press: ? - help, Shift-Dir - straight line, f - Prince Ribbit
Aim: Prince Ribbit (70% to hit)
The searing ray hits Prince Ribbit!
Prince Ribbit is moderately wounded. (Press . to maintain the ray.)
You now have 19/21 mp.
The searing ray hits Prince Ribbit!
Prince Ribbit is heavily wounded.
Prince Ribbit hits you.
You take 5 damage, and have 31/36 hp.
You now have 18/21 mp.
The searing ray hits Prince Ribbit.
Prince Ribbit is heavily wounded.
Prince Ribbit hits you! Prince Ribbit hits you.
You take 11 damage, and have 20/36 hp.
MASSIVE DAMAGE!!
You now have 17/21 mp.
The searing ray hits Prince Ribbit.
Prince Ribbit is severely wounded.
You finish channelling your searing ray.
Prince Ribbit hits you!
* * * LOW HITPOINT WARNING * * *
You take 14 damage, and have 6/36 hp.
MASSIVE DAMAGE!!
You now have 16/21 mp.
Casting: Searing Ray (safe; 1% risk of failure)
Confirm with . or Enter, or press ? or * to list all spells.
Aiming: Searing Ray (safe; 1% risk of failure)
Press: ? - help, Shift-Dir - straight line, f/p - Prince Ribbit
Aim: Prince Ribbit (severely wounded, 70% to hit)
The searing ray hits Prince Ribbit.
Prince Ribbit is severely wounded. (Press . to maintain the ray.) Prince Ribbit hits you but does no damage.
Prince Ribbit hits you!
You die...

#. #..... #..#.#..#
#..#.#..# #.......#
#.......# ###### ##
#.......# .....#
...##.......###.....#
............F...#
###### #.# #.......#
#.# #.###..## #.#
#.###..# ######## #.#
#......## #......#
#.# #####...#
#.####.# #.#


You could see Prince Ribbit.

Vanquished Creatures
  3 black bears
  3 scorpions
  2 hounds
  A gnoll bouda (D:5)
  A jelly (D:5)
  4 iguanas
  4 adders
  5 gnolls (D:5)
  An ufetubus (D:5)
  2 worms
  A dart slug (D:4)
  12 orcs
  6 endoplasms
  7 giant cockroaches
  8 goblins
  6 hobgoblins
  3 jackals (D:4)
  3 quokkas
  7 ball pythons
  3 bats
  4 frilled lizards
  3 kobolds
  9 rats
98 creatures vanquished.

Vanquished Creatures (others)
  3 plants (D:4)
3 creatures vanquished.

Grand Total: 101 creatures vanquished

Notes
Turn   | Place    | Note
-------+----------+-------------------------------------------
     0 | D:1      | Psyclone the Deep Elf Conjurer began the quest for the Orb.
     0 | D:1      | Reached XP level 1. HP: 10/10 MP: 6/6
   438 | D:1      | Reached XP level 2. HP: 15/15 MP: 3/8
   950 | D:1      | Found a faded altar of an unknown god.
  1189 | D:2      | Reached skill level 5 in Conjurations
  1189 | D:2      | Reached XP level 3. HP: 19/19 MP: 5/10
  2142 | D:3      | Found an ornate altar of the Wu Jian Council.
  2177 | D:3      | Identified the ring of Xoifex {rC+++ AC+4 Str-2 Int+10
                  | Dex-2}
  2317 | D:3      | Reached XP level 4. HP: 24/24 MP: 7/12
  2360 | D:3      | Learned a level 2 spell: Searing Ray
  2365 | D:3      | Learned a level 4 spell: Fulminant Prism
  2769 | D:3      | Reached skill level 5 in Spellcasting
  3238 | D:4      | Noticed a black bear
  3256 | D:4      | Killed a black bear
  3257 | D:4      | Reached XP level 5. HP: 28/28 MP: 6/15
  3539 | D:4      | Noticed a black bear
  3544 | D:4      | Killed a black bear
  3545 | D:4      | Reached XP level 6. HP: 32/32 MP: 9/17
  3898 | D:4      | Found a glowing golden altar of the Shining One.
  4161 | D:4      | Found a bloodstained altar of Trog.
  4283 | D:4      | Found a white marble altar of Elyvilon.
  4490 | D:5      | Entered Level 5 of the Dungeon
  4498 | D:5      | Reached XP level 7. HP: 36/36 MP: 12/19
  4871 | D:5      | Found Fazieteh's Distillery.
  5098 | D:6      | Noticed Prince Ribbit
  5112 | D:6      | Slain by Prince Ribbit

Illustrated notes

Levels and vault maps discovered:
D:1:      amcnicky_arrival_double_pillar, layout_loops_corners,
          hellmonk_ecumenical_altar_inner_sanctum
D:2:      layout_basic, hangedman_decor_clover_reticule,
          kennysheep_generic_room_12
D:3:      layout_basic, nicolae_wu_jian_wuxing_cycle
D:4:      layout_loops_cross, trog_butcher_becter, lemuel_tele_altar,
          nicolae_elyvilon_temple_path
D:5:      layout_loops_corners, serial_shops, nicolae_shop_advertising_works
          [nicolae_subvault_shop_adworks], shop, kennysheep_mini, uniq_menkaure
D:6:      layout_loops_cross, makhleb_blood_cavern_becter, enter_ossuary_5,
          uniq_sigmund, uniq_prince_ribbit1

Skill      XL: |  1  2  3  4  5  6  7 |
---------------+----------------------+-----
Spellcasting   | 4 5 6 7 8 |  8.6
Conjurations   | 5 6 7 8 |  8.1
Dodging        | |  2.4
Stealth        | |  2.4

Action                   |  1- 3 |  4- 6 |  7- 9 || total
-------------------------+-------+-------+-------++-------
 Cast: Magic Dart        |    80 |   101 |    12 ||   193
       Searing Ray       |       |     5 |    10 ||    15
Armor: Robe              |     2 |     6 |     1 ||     9
Dodge: Dodged            |     4 |     5 |     5 ||    14
